Workbook

Sheet Visão Geral
C1: SEFAZ-RS · 2026
C2: Auditor-Fiscal da Receita Estadual
A4: Informações do Concurso
A5: Situação | B5: 📡 | C5: Salário | D5: 💰 | E5: Banca | F5: 🏛️
A6: BANCA EM DEFINIÇÃO | C6: 39877.31 | E6: Cebraspe
A7: Preparação com edital anterior. O conteúdo e a estrutura da prova usam um edital anterior de 2018 como referência.
A9: Estrutura do Edital
A10: Conhecimentos | B10: 📚 | C10: Matérias | D10: 📖 | E10: Assuntos | F10: 📝 | G10: Questões Previstas | H10: ❓
A11: 3 | C11: 9 | E11: 227 | G11: 260
A13: Sobre os Seus Estudos
A14: Edital batido
A15: % do edital concluído | E15: =SUM(B35:B37)/227 -> 0%
A16: Assuntos estudados | E16: =SUM(B35:B37)&" de 227 assuntos" -> 0 de 227 assuntos
A18: Conhecimento | G18: Progresso
A19: BLOCO I | G19: =B35/87 -> 0%
A20: BLOCO II | G20: =B36/104 -> 0%
A21: BLOCO III | G21: =B37/36 -> 0%
A23: Revisão | E23: Feitas | H23: Atrasadas
A24: R1 · 1 dia | E24: =SUM(C35:C37) -> 0 | H24: =SUM(D35:D37) -> 0
A25: R7 · 7 dias | E25: =SUM(E35:E37) -> 0 | H25: =SUM(F35:F37) -> 0
A26: R30 · 30 dias | E26: =SUM(G35:G37) -> 0 | H26: =SUM(H35:H37) -> 0
A28: Como usar a planilha
A29: 1. Preencha a Data do Estudo de cada assunto nas abas de conhecimento — as datas de revisão (R1, R7 e R30) são calculadas automaticamente.
A30: 2. Em cada revisão, informe quantas questões fez e quantos acertos — o Desempenho é calculado sozinho.
A31: 3. Aqui na Visão Geral, acompanhe quanto falta estudar do edital e quantas revisões foram feitas ou estão atrasadas.
A35: BLOCO I | B35: =COUNT('BLOCO I'!C8:C94) | C35: =COUNT('BLOCO I'!E8:E94) | D35: =COUNTIFS('BLOCO I'!D8:D94,"<"&TODAY(),'BLOCO I'!E8:E94,"") | E35: =COUNT('BLOCO I'!I8:I94) | F35: =COUNTIFS('BLOCO I'!H8:H94,"<"&TODAY(),'BLOCO I'!I8:I94,"") | G35: =COUNT('BLOCO I'!M8:M94) | H35: =COUNTIFS('BLOCO I'!L8:L94,"<"&TODAY(),'BLOCO I'!M8:M94,"")
A36: BLOCO II | B36: =COUNT('BLOCO II'!C8:C111) | C36: =COUNT('BLOCO II'!E8:E111) | D36: =COUNTIFS('BLOCO II'!D8:D111,"<"&TODAY(),'BLOCO II'!E8:E111,"") | E36: =COUNT('BLOCO II'!I8:I111) | F36: =COUNTIFS('BLOCO II'!H8:H111,"<"&TODAY(),'BLOCO II'!I8:I111,"") | G36: =COUNT('BLOCO II'!M8:M111) | H36: =COUNTIFS('BLOCO II'!L8:L111,"<"&TODAY(),'BLOCO II'!M8:M111,"")
A37: BLOCO III | B37: =COUNT('BLOCO III'!C8:C43) | C37: =COUNT('BLOCO III'!E8:E43) | D37: =COUNTIFS('BLOCO III'!D8:D43,"<"&TODAY(),'BLOCO III'!E8:E43,"") | E37: =COUNT('BLOCO III'!I8:I43) | F37: =COUNTIFS('BLOCO III'!H8:H43,"<"&TODAY(),'BLOCO III'!I8:I43,"") | G37: =COUNT('BLOCO III'!M8:M43) | H37: =COUNTIFS('BLOCO III'!L8:L43,"<"&TODAY(),'BLOCO III'!M8:M43,"")

Sheet BLOCO I
C1: SEFAZ-RS · 2026
C2: Auditor-Fiscal da Receita Estadual
A3: BLOCO I
A4: SabiApp · Organize este edital no app — começar grátis
D6: Revisão R1 (1 dia) | H6: Revisão R7 (7 dias) | L6: Revisão R30 (30 dias)
A7: Matéria | B7: Assunto | C7: Data do Estudo | D7: Data da Revisão | E7: Questões Feitas | F7: Acertos | G7: Desempenho | H7: Data da Revisão | I7: Questões Feitas | J7: Acertos | K7: Desempenho | L7: Data da Revisão | M7: Questões Feitas | N7: Acertos | O7: Desempenho
A8: Língua Portuguesa | B8: Leitura e análise de textos | D8: =IF(C8="","",C8+1) | G8: =IF(OR(E8="",E8=0),"",F8/E8) | H8: =IF(C8="","",C8+7) | K8: =IF(OR(I8="",I8=0),"",J8/I8) | L8: =IF(C8="","",C8+30) | O8: =IF(OR(M8="",M8=0),"",N8/M8)
A9: Língua Portuguesa | B9: Estruturação do texto e dos parágrafos | D9: =IF(C9="","",C9+1) | G9: =IF(OR(E9="",E9=0),"",F9/E9) | H9: =IF(C9="","",C9+7) | K9: =IF(OR(I9="",I9=0),"",J9/I9) | L9: =IF(C9="","",C9+30) | O9: =IF(OR(M9="",M9=0),"",N9/M9)
A10: Língua Portuguesa | B10: Articulação do texto: pronomes e expressões referenciais, nexos, operadores sequenciais | D10: =IF(C10="","",C10+1) | G10: =IF(OR(E10="",E10=0),"",F10/E10) | H10: =IF(C10="","",C10+7) | K10: =IF(OR(I10="",I10=0),"",J10/I10) | L10: =IF(C10="","",C10+30) | O10: =IF(OR(M10="",M10=0),"",N10/M10)
A11: Língua Portuguesa | B11: Significação contextual de palavras e expressões | D11: =IF(C11="","",C11+1) | G11: =IF(OR(E11="",E11=0),"",F11/E11) | H11: =IF(C11="","",C11+7) | K11: =IF(OR(I11="",I11=0),"",J11/I11) | L11: =IF(C11="","",C11+30) | O11: =IF(OR(M11="",M11=0),"",N11/M11)
A12: Língua Portuguesa | B12: Interpretação: pressuposições e inferências; implícitos e subentendidos | D12: =IF(C12="","",C12+1) | G12: =IF(OR(E12="",E12=0),"",F12/E12) | H12: =IF(C12="","",C12+7) | K12: =IF(OR(I12="",I12=0),"",J12/I12) | L12: =IF(C12="","",C12+30) | O12: =IF(OR(M12="",M12=0),"",N12/M12)
A13: Língua Portuguesa | B13: Variedades de texto e adequação de linguagem | D13: =IF(C13="","",C13+1) | G13: =IF(OR(E13="",E13=0),"",F13/E13) | H13: =IF(C13="","",C13+7) | K13: =IF(OR(I13="",I13=0),"",J13/I13) | L13: =IF(C13="","",C13+30) | O13: =IF(OR(M13="",M13=0),"",N13/M13)
A14: Língua Portuguesa | B14: Equivalência e transformação de estruturas | D14: =IF(C14="","",C14+1) | G14: =IF(OR(E14="",E14=0),"",F14/E14) | H14: =IF(C14="","",C14+7) | K14: =IF(OR(I14="",I14=0),"",J14/I14) | L14: =IF(C14="","",C14+30) | O14: =IF(OR(M14="",M14=0),"",N14/M14)
A15: Língua Portuguesa | B15: Discurso direto e indireto | D15: =IF(C15="","",C15+1) | G15: =IF(OR(E15="",E15=0),"",F15/E15) | H15: =IF(C15="","",C15+7) | K15: =IF(OR(I15="",I15=0),"",J15/I15) | L15: =IF(C15="","",C15+30) | O15: =IF(OR(M15="",M15=0),"",N15/M15)
A16: Língua Portuguesa | B16: Sintaxe: processos de coordenação e subordinação | D16: =IF(C16="","",C16+1) | G16: =IF(OR(E16="",E16=0),"",F16/E16) | H16: =IF(C16="","",C16+7) | K16: =IF(OR(I16="",I16=0),"",J16/I16) | L16: =IF(C16="","",C16+30) | O16: =IF(OR(M16="",M16=0),"",N16/M16)
A17: Língua Portuguesa | B17: Emprego de tempos e modos verbais | D17: =IF(C17="","",C17+1) | G17: =IF(OR(E17="",E17=0),"",F17/E17) | H17: =IF(C17="","",C17+7) | K17: =IF(OR(I17="",I17=0),"",J17/I17) | L17: =IF(C17="","",C17+30) | O17: =IF(OR(M17="",M17=0),"",N17/M17)
A18: Língua Portuguesa | B18: Pontuação | D18: =IF(C18="","",C18+1) | G18: =IF(OR(E18="",E18=0),"",F18/E18) | H18: =IF(C18="","",C18+7) | K18: =IF(OR(I18="",I18=0),"",J18/I18) | L18: =IF(C18="","",C18+30) | O18: =IF(OR(M18="",M18=0),"",N18/M18)
A19: Língua Portuguesa | B19: Estrutura e formação de palavras | D19: =IF(C19="","",C19+1) | G19: =IF(OR(E19="",E19=0),"",F19/E19) | H19: =IF(C19="","",C19+7) | K19: =IF(OR(I19="",I19=0),"",J19/I19) | L19: =IF(C19="","",C19+30) | O19: =IF(OR(M19="",M19=0),"",N19/M19)
... A94: Matemática e Raciocínio Lógico | B94: Raciocínio Lógico: Compreensão do processo lógico que, a partir de um conjunto de hipóteses, conduz, de forma válida, a conclusões determinadas | D94: =IF(C94="","",C94+1) | G94: =IF(OR(E94="",E94=0),"",F94/E94) | H94: =IF(C94="","",C94+7) | K94: =IF(OR(I94="",I94=0),"",J94/I94) | L94: =IF(C94="","",C94+30) | O94: =IF(OR(M94="",M94=0),"",N94/M94)

Sheet BLOCO II
C1: SEFAZ-RS · 2026
C2: Auditor-Fiscal da Receita Estadual
A3: BLOCO II
A4: SabiApp · Organize este edital no app — começar grátis
D6: Revisão R1 (1 dia) | H6: Revisão R7 (7 dias) | L6: Revisão R30 (30 dias)
A7: Matéria | B7: Assunto | C7: Data do Estudo | D7: Data da Revisão | E7: Questões Feitas | F7: Acertos | G7: Desempenho | H7: Data da Revisão | I7: Questões Feitas | J7: Acertos | K7: Desempenho | L7: Data da Revisão | M7: Questões Feitas | N7: Acertos | O7: Desempenho
A8: Contabilidade | B8: Contabilidade Geral: Contabilidade: conceito, objeto, objetivos, campo de atuação e usuários da informação contábil | D8: =IF(C8="","",C8+1) | G8: =IF(OR(E8="",E8=0),"",F8/E8) | H8: =IF(C8="","",C8+7) | K8: =IF(OR(I8="",I8=0),"",J8/I8) | L8: =IF(C8="","",C8+30) | O8: =IF(OR(M8="",M8=0),"",N8/M8)
A9: Contabilidade | B9: Contabilidade Geral: Princípios e Normas Brasileiras de Contabilidade emanadas pelo Conselho Federal de Contabilidade (CFC) | D9: =IF(C9="","",C9+1) | G9: =IF(OR(E9="",E9=0),"",F9/E9) | H9: =IF(C9="","",C9+7) | K9: =IF(OR(I9="",I9=0),"",J9/I9) | L9: =IF(C9="","",C9+30) | O9: =IF(OR(M9="",M9=0),"",N9/M9)
A10: Contabilidade | B10: Contabilidade Geral: Conceitos, forma de avaliação, evidenciação, natureza, espécie e estrutura | D10: =IF(C10="","",C10+1) | G10: =IF(OR(E10="",E10=0),"",F10/E10) | H10: =IF(C10="","",C10+7) | K10: =IF(OR(I10="",I10=0),"",J10/I10) | L10: =IF(C10="","",C10+30) | O10: =IF(OR(M10="",M10=0),"",N10/M10)
A11: Contabilidade | B11: Contabilidade Geral: Atos e fatos administrativos | D11: =IF(C11="","",C11+1) | G11: =IF(OR(E11="",E11=0),"",F11/E11) | H11: =IF(C11="","",C11+7) | K11: =IF(OR(I11="",I11=0),"",J11/I11) | L11: =IF(C11="","",C11+30) | O11: =IF(OR(M11="",M11=0),"",N11/M11)
A12: Contabilidade | B12: Contabilidade Geral: Livros contábeis obrigatórios e documentação contábil | D12: =IF(C12="","",C12+1) | G12: =IF(OR(E12="",E12=0),"",F12/E12) | H12: =IF(C12="","",C12+7) | K12: =IF(OR(I12="",I12=0),"",J12/I12) | L12: =IF(C12="","",C12+30) | O12: =IF(OR(M12="",M12=0),"",N12/M12)
A13: Contabilidade | B13: Contabilidade Geral: Variação do patrimônio líquido – receita, despesa, ganhos e perdas | D13: =IF(C13="","",C13+1) | G13: =IF(OR(E13="",E13=0),"",F13/E13) | H13: =IF(C13="","",C13+7) | K13: =IF(OR(I13="",I13=0),"",J13/I13) | L13: =IF(C13="","",C13+30) | O13: =IF(OR(M13="",M13=0),"",N13/M13)
A14: Contabilidade | B14: Contabilidade Geral: Apuração dos resultados | D14: =IF(C14="","",C14+1) | G14: =IF(OR(E14="",E14=0),"",F14/E14) | H14: =IF(C14="","",C14+7) | K14: =IF(OR(I14="",I14=0),"",J14/I14) | L14: =IF(C14="","",C14+30) | O14: =IF(OR(M14="",M14=0),"",N14/M14)
A15: Contabilidade | B15: Contabilidade Geral: Regimes de apuração – caixa e competência | D15: =IF(C15="","",C15+1) | G15: =IF(OR(E15="",E15=0),"",F15/E15) | H15: =IF(C15="","",C15+7) | K15: =IF(OR(I15="",I15=0),"",J15/I15) | L15: =IF(C15="","",C15+30) | O15: =IF(OR(M15="",M15=0),"",N15/M15)
A16: Contabilidade | B16: Contabilidade Geral: Escrituração contábil – lançamentos contábeis; contas patrimoniais, resultado | D16: =IF(C16="","",C16+1) | G16: =IF(OR(E16="",E16=0),"",F16/E16) | H16: =IF(C16="","",C16+7) | K16: =IF(OR(I16="",I16=0),"",J16/I16) | L16: =IF(C16="","",C16+30) | O16: =IF(OR(M16="",M16=0),"",N16/M16)
A17: Contabilidade | B17: Contabilidade Geral: Fatos contábeis – permutativos, modificativos e mistos | D17: =IF(C17="","",C17+1) | G17: =IF(OR(E17="",E17=0),"",F17/E17) | H17: =IF(C17="","",C17+7) | K17: =IF(OR(I17="",I17=0),"",J17/I17) | L17: =IF(C17="","",C17+30) | O17: =IF(OR(M17="",M17=0),"",N17/M17)
A18: Contabilidade | B18: Contabilidade Geral: Itens Patrimoniais: conteúdo, conceitos, estrutura, formas de avaliação e classificação dos itens patrimoniais do ativo, do passivo e do patrimônio líquido | D18: =IF(C18="","",C18+1) | G18: =IF(OR(E18="",E18=0),"",F18/E18) | H18: =IF(C18="","",C18+7) | K18: =IF(OR(I18="",I18=0),"",J18/I18) | L18: =IF(C18="","",C18+30) | O18: =IF(OR(M18="",M18=0),"",N18/M18)
A19: Contabilidade | B19: Contabilidade Geral: Demonstrações contábeis – balanço patrimonial, demonstração do resultado do exercício, demonstração de lucros ou prejuízos acumulados, demonstração das mutações do patrimônio líquido, demonstração dos fluxos de caixa e demonstração do valor adicionado | D19: =IF(C19="","",C19+1) | G19: =IF(OR(E19="",E19=0),"",F19/E19) | H19: =IF(C19="","",C19+7) | K19: =IF(OR(I19="",I19=0),"",J19/I19) | L19: =IF(C19="","",C19+30) | O19: =IF(OR(M19="",M19=0),"",N19/M19)
... A111: Direito Tributário | B111: Convênios para a concessão de isenções de ICMS (Lei Complementar Federal nº 24/1975) | D111: =IF(C111="","",C111+1) | G111: =IF(OR(E111="",E111=0),"",F111/E111) | H111: =IF(C111="","",C111+7) | K111: =IF(OR(I111="",I111=0),"",J111/I111) | L111: =IF(C111="","",C111+30) | O111: =IF(OR(M111="",M111=0),"",N111/M111)

Sheet BLOCO III
C1: SEFAZ-RS · 2026
C2: Auditor-Fiscal da Receita Estadual
A3: BLOCO III
A4: SabiApp · Organize este edital no app — começar grátis
D6: Revisão R1 (1 dia) | H6: Revisão R7 (7 dias) | L6: Revisão R30 (30 dias)
A7: Matéria | B7: Assunto | C7: Data do Estudo | D7: Data da Revisão | E7: Questões Feitas | F7: Acertos | G7: Desempenho | H7: Data da Revisão | I7: Questões Feitas | J7: Acertos | K7: Desempenho | L7: Data da Revisão | M7: Questões Feitas | N7: Acertos | O7: Desempenho
A8: Legislação Tributária Estadual do Rio Grande do Sul | B8: Sistema Tributário do Estado do Rio Grande do Sul (Constituição do Estado): disposições gerais; impostos do Estado | D8: =IF(C8="","",C8+1) | G8: =IF(OR(E8="",E8=0),"",F8/E8) | H8: =IF(C8="","",C8+7) | K8: =IF(OR(I8="",I8=0),"",J8/I8) | L8: =IF(C8="","",C8+30) | O8: =IF(OR(M8="",M8=0),"",N8/M8)
A9: Legislação Tributária Estadual do Rio Grande do Sul | B9: ICMS (Lei nº 8.820/1989, e suas alterações e Regulamento do ICMS, aprovado pelo Decreto nº 37.699/1997): obrigação principal (hipóteses de incidência, momento da ocorrência do fato gerador, local da operação e da prestação, isenção, não incidência, contribuinte, responsável, base de cálculo, alíquota, crédito fiscal, apuração e pagamento do imposto, substituição tributária, suspensão, transferência de saldo credor, compensação, restituição); obrigação acessória (inscrição, documentos fiscais relativos às operações de circulação de mercadorias e prestações de serviços de transporte e de comunicação, livros fiscais, guias informativas, equipamento emissor de cupom fiscal, equipamento de processamento eletrônico de dados, regimes especiais e demais obrigações do contribuinte e de terceiros) | D9: =IF(C9="","",C9+1) | G9: =IF(OR(E9="",E9=0),"",F9/E9) | H9: =IF(C9="","",C9+7) | K9: =IF(OR(I9="",I9=0),"",J9/I9) | L9: =IF(C9="","",C9+30) | O9: =IF(OR(M9="",M9=0),"",N9/M9)
A10: Legislação Tributária Estadual do Rio Grande do Sul | B10: IPVA (Lei nº 8.115/1985, e suas alterações e Decreto nº 32.144/1985, e suas alterações): fato gerador; não incidência; isenção; contribuinte; responsável; inscrição; base de cálculo; alíquota; obrigações dos contribuintes | D10: =IF(C10="","",C10+1) | G10: =IF(OR(E10="",E10=0),"",F10/E10) | H10: =IF(C10="","",C10+7) | K10: =IF(OR(I10="",I10=0),"",J10/I10) | L10: =IF(C10="","",C10+30) | O10: =IF(OR(M10="",M10=0),"",N10/M10)
A11: Legislação Tributária Estadual do Rio Grande do Sul | B11: ITCD (Lei nº 8.821/1989, e suas alterações, e Decreto nº 33.156/1989, e suas alterações): fato gerador; não incidência; isenção; contribuinte; responsável; base de cálculo; alíquota; obrigações dos contribuintes e de terceiros | D11: =IF(C11="","",C11+1) | G11: =IF(OR(E11="",E11=0),"",F11/E11) | H11: =IF(C11="","",C11+7) | K11: =IF(OR(I11="",I11=0),"",J11/I11) | L11: =IF(C11="","",C11+30) | O11: =IF(OR(M11="",M11=0),"",N11/M11)
A12: Legislação Tributária Estadual do Rio Grande do Sul | B12: Taxas (Leis nº 8.109/1985, e suas alterações e Lei Estadual nº 14.634/2014, e suas alterações): fato gerador; contribuinte; responsável; isenções; base de cálculo; alíquota | D12: =IF(C12="","",C12+1) | G12: =IF(OR(E12="",E12=0),"",F12/E12) | H12: =IF(C12="","",C12+7) | K12: =IF(OR(I12="",I12=0),"",J12/I12) | L12: =IF(C12="","",C12+30) | O12: =IF(OR(M12="",M12=0),"",N12/M12)
A13: Legislação Tributária Estadual do Rio Grande do Sul | B13: Procedimento Tributário Administrativo (Lei nº 6.537/1973, e suas alterações): Infrações à legislação tributária (disposições gerais, processo contencioso, efeitos das decisões e do inadimplemento, procedimentos especiais, consulta, apreensão, restituição e isenção infrações materiais, infrações formais, medidas acauteladoras, penalidades, redução ou dispensa da aplicação de multas); Tribunal Administrativo de Recursos Fiscais (composição, funcionamento e defesa da Fazenda Pública); das demais formas de extinção do crédito tributário (disposições gerais, dação em pagamento e transação) | D13: =IF(C13="","",C13+1) | G13: =IF(OR(E13="",E13=0),"",F13/E13) | H13: =IF(C13="","",C13+7) | K13: =IF(OR(I13="",I13=0),"",J13/I13) | L13: =IF(C13="","",C13+30) | O13: =IF(OR(M13="",M13=0),"",N13/M13)
A14: Auditoria Contábil e Auditoria Fiscal | B14: Auditoria Contábil: Auditoria: conceitos, objetivos e exercícios práticos | D14: =IF(C14="","",C14+1) | G14: =IF(OR(E14="",E14=0),"",F14/E14) | H14: =IF(C14="","",C14+7) | K14: =IF(OR(I14="",I14=0),"",J14/I14) | L14: =IF(C14="","",C14+30) | O14: =IF(OR(M14="",M14=0),"",N14/M14)
A15: Auditoria Contábil e Auditoria Fiscal | B15: Auditoria Contábil: Distinção entre auditoria interna, auditoria independente e perícia contábil | D15: =IF(C15="","",C15+1) | G15: =IF(OR(E15="",E15=0),"",F15/E15) | H15: =IF(C15="","",C15+7) | K15: =IF(OR(I15="",I15=0),"",J15/I15) | L15: =IF(C15="","",C15+30) | O15: =IF(OR(M15="",M15=0),"",N15/M15)
A16: Auditoria Contábil e Auditoria Fiscal | B16: Auditoria Contábil: Procedimentos de auditoria | D16: =IF(C16="","",C16+1) | G16: =IF(OR(E16="",E16=0),"",F16/E16) | H16: =IF(C16="","",C16+7) | K16: =IF(OR(I16="",I16=0),"",J16/I16) | L16: =IF(C16="","",C16+30) | O16: =IF(OR(M16="",M16=0),"",N16/M16)
A17: Auditoria Contábil e Auditoria Fiscal | B17: Auditoria Contábil: Testes de observância | D17: =IF(C17="","",C17+1) | G17: =IF(OR(E17="",E17=0),"",F17/E17) | H17: =IF(C17="","",C17+7) | K17: =IF(OR(I17="",I17=0),"",J17/I17) | L17: =IF(C17="","",C17+30) | O17: =IF(OR(M17="",M17=0),"",N17/M17)
A18: Auditoria Contábil e Auditoria Fiscal | B18: Auditoria Contábil: Testes substantivos | D18: =IF(C18="","",C18+1) | G18: =IF(OR(E18="",E18=0),"",F18/E18) | H18: =IF(C18="","",C18+7) | K18: =IF(OR(I18="",I18=0),"",J18/I18) | L18: =IF(C18="","",C18+30) | O18: =IF(OR(M18="",M18=0),"",N18/M18)
A19: Auditoria Contábil e Auditoria Fiscal | B19: Auditoria Contábil: Papéis de trabalho e documentação de auditoria | D19: =IF(C19="","",C19+1) | G19: =IF(OR(E19="",E19=0),"",F19/E19) | H19: =IF(C19="","",C19+7) | K19: =IF(OR(I19="",I19=0),"",J19/I19) | L19: =IF(C19="","",C19+30) | O19: =IF(OR(M19="",M19=0),"",N19/M19)
... A43: Auditoria Contábil e Auditoria Fiscal | B43: Auditoria Fiscal: Questões práticas sobre aplicação da Legislação Tributária do Estado do Rio Grande do Sul | D43: =IF(C43="","",C43+1) | G43: =IF(OR(E43="",E43=0),"",F43/E43) | H43: =IF(C43="","",C43+7) | K43: =IF(OR(I43="",I43=0),"",J43/I43) | L43: =IF(C43="","",C43+30) | O43: =IF(OR(M43="",M43=0),"",N43/M43)
